 Dungeon Crawl Stone Soup version 0.22-a0-161-g198051c (webtiles) character file.

153060 Firecrotchwizard the Champion of Chaos (level 17, -9/156 HPs)
             Began as a Hill Orc Monk on Feb 11, 2018.
             Was the Champion of Makhleb.
             Shot with an arrow by Vashnia (32 damage)
             ... on level 2 of the Snake Pit.
             The game lasted 01:16:32 (28358 turns).

Firecrotchwizard the Champion of Chaos (HOMo)      Turns: 28358, Time: 01:16:33

Health: -9/156     AC: 28    Str: 25    XL:     17   Next: 30%
Magic:  31/31      EV: 22    Int:  7    God:    Makhleb [******]
Gold:   1898       SH: 10    Dex: 17    Spells: 10/16 levels left

rFire    . . .     SeeInvis .   P - +2 broad axe (flame)
rCold    + + +     Gourm    .   O - +3 buckler
rNeg     + . .     Faith    .   Y - +4 ring mail of the Farrier {+Fly rC+++ Regen+ Int-3}
rPois    +         Spirit   .   s - +1 helmet of the Furies {*Contam Dex+3 Slay+5}
rElec    .         Reflect  +   y - +2 cloak {MR+}
rCorr    .         Harm     .   x - +2 pair of gloves
MR       ++...                  G - +1 pair of boots of Decompression {rPois rN+}
Stlth    +.........             D - amulet of Incredulity {Reflect Str+5 SH+2}
HPRegen  0.76/turn              m - +5 ring of protection
MPRegen  0.22/turn              L - +5 ring of evasion

@: hasted, very quick
A: no striking features
}: 1/15 runes: decaying
a: Minor Destruction, Lesser Servant of Makhleb, Major Destruction, Greater
Servant of Makhleb, Renounce Religion, Evoke Flight


You were on level 2 of the Snake Pit.
You worshipped Makhleb.
Makhleb was exalted by your worship.
You were not hungry.

You visited 6 branches of the dungeon, and saw 30 of its levels.
You also visited: Ossuary and Volcano.

You collected 2784 gold pieces.
You spent 886 gold pieces at shops.

Inventory:

Hand Weapons
 P - a +2 broad axe of flaming (weapon)
   (You took it off a red draconian in a volcano)
Armour
 e - +0 fire dragon scales
   (You found it on level 14 of the Dungeon)
 s - the +1 helmet of the Furies (worn) {*Contam Dex+3 Slay+5}
   (You bought it in a shop on level 5 of the Dungeon)

   It affects your dexterity (+3).
   It affects your accuracy and damage with ranged weapons and melee attacks
   (+5).
   It causes magical contamination when unequipped.
 x - a +2 pair of gloves (worn)
   (You found it on level 3 of the Dungeon)
 y - a +2 cloak of magic resistance (worn)
   (You took it off Maurice on level 2 of the Orcish Mines)
 G - the +1 pair of boots of Decompression (worn) {rPois rN+}
   (You bought it in a shop on level 2 of the Orcish Mines)

   It protects you from poison.
   It protects you from negative energy.
 O - a +3 buckler (worn)
   (You found it on level 2 of the Lair of Beasts)
 Y - the +4 ring mail of the Farrier (worn) {+Fly rC+++ Regen+ Int-3}
   (You found it on level 12 of the Dungeon)

   It affects your intelligence (-3).
   It renders you almost immune to cold.
   It lets you fly.
   It increases your rate of regeneration.
Jewellery
 j - an uncursed ring of protection from fire {rF+, !d}
   (You found it on level 1 of the Dungeon)
 m - a +5 ring of protection (left hand)
   (You found it on level 1 of the Dungeon)
 p - an uncursed ring of flight {+Fly, !d}
   (You found it on level 2 of the Dungeon)
 C - an uncursed ring of protection from magic {MR+, !d}
   (You found it on level 4 of the Lair of Beasts)
 D - the amulet of Incredulity (around neck) {Reflect Str+5 SH+2}
   (You acquired it on level 4 of the Lair of Beasts)

   [amulet of reflection]

   It shields you and reflects attacks.
   It affects your strength (+5).
   It affects your SH (+2).
 L - a +5 ring of evasion (right hand)
   (You found it on level 14 of the Dungeon)
 R - an uncursed ring of resist corrosion
   (You found it on level 1 of the Swamp)
 S - the ring "Vuafob" {rElec rF+ rN+ Int+4}
   (You found it on level 3 of the Lair of Beasts)

   [ring of protection from fire]

   It affects your intelligence (+4).
   It protects you from fire.
   It insulates you from electricity.
   It protects you from negative energy.
Wands
 a - a wand of disintegration (45) {@e1}
   (You found it on level 9 of the Dungeon)
 d - a wand of scattershot (16)
   (You found it on level 15 of the Dungeon)
 I - a wand of acid (15)
   (You found it on level 6 of the Lair of Beasts)
 M - a wand of iceblast (17)
   (You found it on level 1 of the Lair of Beasts)
Scrolls
 b - 6 scrolls of teleportation
 h - 14 scrolls of identify
 l - 3 scrolls of enchant weapon
 q - 4 scrolls of magic mapping {!r}
 t - 2 scrolls of fear
 v - a scroll of enchant armour
 F - 4 scrolls of fog
 H - 5 scrolls of remove curse
 T - 5 scrolls of blinking {!r}
Potions
 f - 2 potions of haste
 g - 4 potions of might
 k - 6 potions of curing
 o - 4 potions of agility
 r - 3 potions of mutation {!q}
 u - 3 potions of ambrosia
 w - a potion of magic {unknown}
 z - 5 potions of brilliance
 A - 9 potions of flight
 E - 2 potions of heal wounds
 K - a potion of invisibility
 N - a potion of cancellation {unknown}
 Q - 2 potions of resistance {unknown}
 U - 2 potions of lignification {unknown}
 W - 4 potions of degeneration {unknown}
 X - a potion of berserk rage {unknown}
Miscellaneous
 B - a phantom mirror
 V - a lamp of fire
   (You found it on level 3 of the Lair of Beasts)
Comestibles
 c - 39 rations {@e1}
 i - 2 chunks of flesh {@w0}


   Skills:
 + Level 15.6 Fighting
 - Level 18.0 Axes
 - Level 9.9 Armour
 + Level 8.6 Dodging
 - Level 1.5 Stealth
 - Level 4.8 Shields
 - Level 8.8 Translocations
 - Level 20.0 Invocations


You had 10 spell levels left.
You knew the following spells:

 Your Spells              Type           Power        Failure   Level  Hunger
b - Blink                 Tloc           N/A          2%          2    ###....
r - Regeneration          Chrm/Necr      #.........   89%         3    ####...
B - Summon Butterflies    Summ           #.......     54%         1    ##.....


Dungeon Overview and Level Annotations

Branches:
Dungeon (15/15)            Temple (1/1) D:4            Lair (6/6) D:11
  Swamp (4/4) Lair:3        Snake (2/4) Lair:4        Slime (0/5) Lair:5
    Orc (2/2) D:9             Elf (0/3) Orc:2        Vaults (0/5) D:13
 Depths (0/5) D:15

Altars:
Ashenzari
Cheibriados
Dithmenos
Elyvilon
Fedhas
Gozag
Hepliaklqana
Kikubaaqudgha
Makhleb
Nemelex Xobeh
Okawaru
Qazlal
Ru
Sif Muna
Trog
Uskayaw
Vehumet
Wu Jian
Xom
Yredelemnul
Zin
The Shining One

Shops:
D:5 [   D:6 *!   D:11 (   Orc:2 :[(*

Portals:
Trove: D:12 (give 5 scrolls of blinking)

Annotations:
D:2 Sigmund
D:4 Dirtyleaf's ghost, novice HOMo
Lair:2 exclusion: oklob plant
Swamp:3 exclusion: Roxanne, Roxanne
Snake:2 Vashnia


Message History

The naga sharpshooter shoots an arrow.
The arrow hits you.
You take 6 damage, and have 150/156 hp.
You slash the naga sharpshooter! You burn the naga sharpshooter!
You slice the naga sharpshooter!! You burn the naga sharpshooter!
The naga sharpshooter shoots an arrow.
The arrow completely misses you.
You barely miss the naga sharpshooter.
The naga sharpshooter casts a spell.
The naga sharpshooter magically shoots an arrow.
You reflect the arrow off an invisible shield around you!
You barely miss the naga sharpshooter.
You completely miss the naga sharpshooter.
The naga sharpshooter mumbles some strange words.
The naga sharpshooter magically shoots an arrow.
You reflect the arrow off an invisible shield around you!
You hit the naga sharpshooter but do no damage.
The naga sharpshooter shoots an arrow.
The arrow hits you!!
You take 17 damage, and have 135/156 hp.
You slice the naga sharpshooter!! You burn the naga sharpshooter.
You kill the naga sharpshooter!
Makhleb accepts your kill.
You feel better.
Vashnia unwields an uncursed vampiric war axe.
Vashnia wields an uncursed glowing longbow.
Vashnia shoots an arrow.
The arrow completely misses you.
You regained 15 hp, and now have 150/156 hp.
You start resting.
Vashnia is nearby!
An anaconda comes into view.
There are monsters nearby!
Vashnia spits poison at you.
The splash of poison reflects off an invisible shield around you!
The splash of poison hits Vashnia.
Vashnia is poisoned.
Vashnia shoots an arrow.
The arrow hits you!!
A naga sharpshooter comes into view. It is wielding a war axe.
You see here an arrow.
You take 39 damage, and have 114/156 hp.
MASSIVE DAMAGE!!
You slash Vashnia! You burn Vashnia. You miss Vashnia.
The naga sharpshooter unwields an uncursed war axe.
The naga sharpshooter wields an uncursed shortbow.
The naga sharpshooter casts a spell.
The naga sharpshooter magically shoots an arrow.
The arrow hits you but does no damage.
Vashnia shoots an arrow.
The arrow hits you!!
You take 24 damage, and have 91/156 hp.
You are too injured to fight recklessly! 3 arrows.
The floor, spattered with blood.
Unknown command.
Here: Vashnia, wielding a longbow of velocity and wearing a runed naga barding (lightly wounded, poisoned)
An uncursed shortbow.
There is something else lying underneath.
The floor, spattered with blood.
Unknown command.
Unknown command.
A demon appears!
The naga sharpshooter moves out of view.
You take 9 damage, and have 82/156 hp.
You slice Vashnia!! You burn Vashnia!
Vashnia casts a spell.
You closely miss Vashnia.
Your green death hits Vashnia.
Vashnia shoots an arrow.
The arrow hits you!!
The naga sharpshooter gestures wildly while chanting.
The naga sharpshooter magically shoots an arrow.
The arrow hits you but does no damage.
You take 33 damage, and have 50/156 hp.
MASSIVE DAMAGE!!
You hit Vashnia but do no damage.
Your green death gestures at Vashnia.
The poison arrow hits Vashnia.
Vashnia partially resists.
Vashnia looks even sicker.
You slash Vashnia! You burn Vashnia.
The naga sharpshooter spits poison at you.
The splash of poison hits your green death.
Vashnia shoots an arrow.
The arrow closely misses you.
Some of the chunks of flesh in your inventory have rotted away.
You slash Vashnia! You burn Vashnia.
The naga sharpshooter shoots an arrow.
The arrow barely misses your green death.
The arrow hits you.
* * * LOW HITPOINT WARNING * * *
You take 5 damage, and have 46/156 hp.
You slice Vashnia!! You burn Vashnia.
Vashnia shoots an arrow.
The arrow hits you!
* * * LOW HITPOINT WARNING * * *
x2 Your green death gestures at the naga sharpshooter.
The poison arrow hits the naga sharpshooter.
The naga sharpshooter partially resists.
The naga sharpshooter is poisoned.
You take 15 damage, and have 31/156 hp.
You miss Vashnia.
The naga sharpshooter shoots an arrow.
The arrow hits your green death!
You feel much better.
Vashnia gestures wildly while chanting.
Vashnia magically shoots an arrow.
The arrow hits you!!
* * * LOW HITPOINT WARNING * * *
x2 The naga sharpshooter shoots an arrow.
The arrow misses you.
You take 9 damage, and have 23/156 hp.
You feel yourself speed up.
Vashnia shoots an arrow.
The arrow hits you!!
You die...

#..####...#.#....##......#
#........##.#....#.......#
##########..#....##......#
#...........#......#
##....##....####.###
##....######....N.#
######((..#(.....#
...#.......#......#
.........@.(.2....#
S..#######N####...#
#.........#..##
#.........#..#
###.......#### #......##
#.##...# .N.#.### ##..###


You could see Vashnia, a naga sharpshooter and a friendly green death.

Vanquished Creatures
  the Lernaean hydra (Swamp:4)
  Jorgrun (Swamp:3)
  A thorn hunter (Swamp:1)
  Donald (Swamp:1)
  An orc warlord (Orc:2)
  Louise (Swamp:3)
  A dire elephant (D:15)
  A fire dragon (D:14)
  An ice dragon (Lair:6)
  4 naga warriors (Snake:1)
  Erolcha (D:13)
  16 hydras
  A ghost crab (Swamp:4)
  2 centaur warriors (D:13)
  12 two-headed ogres
  A catoblepas (D:15)
  An ogre mage (Volcano)
  A death knight (D:15)
  3 anacondas (Snake:1)
  2 dancing weapons (D:13)
  4 alligators
  Urug (Lair:4)
  3 orc high priests (Orc:2)
  2 naga sharpshooters
  2 shock serpents
  A skeletal warrior (D:15)
  2 salamander mystics
  2 naga ritualists
  2 shambling mangroves
  9 swamp dragons
  2 wizards
  2 lindwurms (Lair:6)
  A swamp dragon (shapeshifter) (D:15)
  A deep elf mage (D:13)
  2 orc knights (Orc:2)
  An oklob plant (D:12)
  3 mana vipers (Snake:1)
  A cyclops (D:15)
  16 ugly things
  7 orc sorcerers
  5 manticores
  4 salamanders
  11 elephants
  Maurice (Orc:2)
  7 black mambas
  A black mamba (shapeshifter) (D:13)
  4 naga magi
  2 gargoyles
  A centaur zombie (D:10)
  18 spiny frogs
  5 torpor snails (Lair:6)
  4 kobold demonologists (D:15)
  3 rime drakes
  8 komodo dragons
  A tengu conjurer (D:14)
  An efreet (D:15)
  A freezing wraith (D:15)
  2 guardian mummies (D:12)
  4 trolls
  A merfolk (D:15)
  10 tyrant leeches
  13 hornets
  10 blink frogs (Lair:6)
  14 slime creatures
  6 hippogriffs
  5 bog bodies
  A spriggan (shapeshifter) (D:15)
  A spriggan (Swamp:3)
  3 wyverns
  4 shadows
  2 vampires
  18 yaks
  5 wraiths
  A human (D:8)
  A basilisk (Lair:5)
  2 hungry ghosts (D:12)
  4 hogs (D:8)
  2 steam dragons
  23 vampire mosquitoes
  19 swamp worms
  2 wargs
  6 nagas (Snake:1)
  11 insubstantial wisps (Swamp:1)
  12 water moccasins
  8 porcupines
  10 swamp drakes
  21 orc warriors
  2 phantoms
  2 sky beasts
  A necrophage (D:12)
  4 ice beasts
  10 wolves (Lair:2)
  11 centaurs
  14 ogres
  6 crocodiles
  2 elf zombies (Ossuary)
  3 big kobolds
  15 bullfrogs
  5 scorpions
  3 wyvern skeletons
  18 killer bees
  5 electric eels
  A vampire bat (D:4)
  10 wights
  3 howler monkeys (D:12)
  9 crimson imps
  A bullfrog zombie (D:12)
  7 hounds
  A human zombie (Ossuary)
  10 orc priests
  4 centaur skeletons
  4 jellies
  3 bullfrog skeletons
  6 worker ants
  6 iguanas
  17 orc wizards
  9 hell rats
  A big kobold zombie (Ossuary)
  4 mummies (Ossuary)
  2 worker ant zombies
  3 gnolls (D:4)
  A howler monkey skeleton (D:11)
  16 adders
  8 shadow imps
  3 oozes
  2 adder zombies (Ossuary)
  An adder skeleton (D:6)
  A worm (D:3)
  4 dart slugs
  47 orcs
  3 ball pythons
  5 bat skeletons (D:4)
  A bat zombie (D:4)
  6 giant cockroaches
  2 gnoll zombies (Ossuary)
  2 goblins
  4 hobgoblins
  17 jackals
  4 quokkas
  5 bats
  3 frilled lizards (D:1)
  A goblin zombie (Ossuary)
  16 kobolds
  A leopard gecko skeleton (D:8)
  2 orc zombies (Ossuary)
  A quokka skeleton (D:4)
  7 rats
  A rat zombie (Ossuary)
  8 fungi
  2 plants (Lair:6)
  A toadstool (Swamp:1)
792 creatures vanquished.

Vanquished Creatures (collateral kills)
  A red draconian (Volcano)
  2 hydras (Swamp:4)
  6 swamp dragons (Swamp:4)
  A tyrant leech (Swamp:1)
  A swamp drake (Swamp:4)
  2 orc warriors (Orc:2)
13 creatures vanquished.

Vanquished Creatures (others)
  An ugly thing (Swamp:3)
  A cyclops (D:13)
  A swamp worm (Swamp:4)
  2 centaurs
  An orc (D:13)
  5 plants
  5 toadstools (Swamp:1)
16 creatures vanquished.

Grand Total: 821 creatures vanquished

Notes
Turn   | Place    | Note
-------+----------+-------------------------------------------
     0 | D:1      | Firecrotchwizard the Hill Orc Monk began the quest for the Orb.
     0 | D:1      | Reached XP level 1. HP: 19/19 MP: 1/1
    97 | D:1      | Reached XP level 2. HP: 16/27 MP: 2/2
   358 | D:1      | Reached skill level 4 in Fighting
   607 | D:1      | Reached skill level 5 in Axes
   777 | D:2      | Reached XP level 3. HP: 31/33 MP: 3/3
  1030 | D:2      | Noticed Sigmund
  1268 | D:3      | Reached XP level 4. HP: 41/41 MP: 4/4
  1579 | D:3      | Reached skill level 6 in Axes
  1720 | D:3      | Noticed an earth elemental
  1722 | D:3      | Found a stormy altar of Qazlal.
  1723 | D:3      | Noticed an air elemental
  1723 | D:3      | Noticed a water elemental
  1723 | D:3      | Noticed a fire elemental
  1937 | D:4      | Found a staircase to the Ecumenical Temple.
  1950 | D:4      | Reached XP level 5. HP: 47/47 MP: 5/5
  1956 | D:4      | Noticed Dirtyleaf's ghost (novice HOMo)
  1959 | Temple   | Entered the Ecumenical Temple
  1989 | Temple   | Became a worshipper of Makhleb the Destroyer
  1989 | Temple   | Reached * piety under Makhleb
  1989 | Temple   | Reached ** piety under Makhleb
  3032 | D:4      | Got an emerald-encrusted ring mail
  3060 | D:4      | Identified the +4 ring mail "Byluywut" {rElec Int+4 SInv Stlth-} (You found it on level 4 of the Dungeon)
  3167 | D:4      | Reached skill level 1 in Invocations
  3291 | D:4      | Found an ancient bone altar of Kikubaaqudgha.
  3545 | D:4      | Reached skill level 7 in Axes
  3627 | D:4      | Reached skill level 2 in Invocations
  3627 | D:4      | Reached XP level 6. HP: 55/55 MP: 7/7
  3708 | D:5      | Entered Level 5 of the Dungeon
  3876 | D:5      | Found a deep blue altar of Sif Muna.
  4053 | D:5      | Reached skill level 8 in Axes
  4053 | D:5      | Reached skill level 3 in Invocations
  4215 | D:5      | Found an ornate altar of the Wu Jian Council.
  4299 | D:5      | Found Jyidda's Armour Emporium.
  4411 | D:5      | Found a shimmering altar of Xom.
  4686 | D:5      | Reached XP level 7. HP: 60/60 MP: 9/9
  4766 | D:5      | Found an opulent altar of Gozag.
  4861 | D:6      | Found a sparkling altar of Nemelex Xobeh.
  4962 | D:6      | Found Zofud's General Store.
  4989 | D:6      | Found a sand-covered staircase.
  4995 | Ossuary  | Entered an ossuary
  5038 | Ossuary  | Reached skill level 9 in Axes
  5038 | Ossuary  | Reached skill level 4 in Invocations
  5470 | D:6      | Found a shattered altar of Ashenzari.
  5531 | D:6      | Reached skill level 5 in Invocations
  5688 | D:6      | Reached skill level 10 in Axes
  5708 | D:6      | Reached *** piety under Makhleb
  5750 | D:6      | Reached XP level 8. HP: 67/67 MP: 11/11
  5902 | D:6      | Reached skill level 6 in Invocations
  5942 | D:6      | Reached skill level 11 in Axes
  6010 | D:6      | Found Teshrud's Distillery.
  6017 | D:6      | Bought a potion of curing for 39 gold pieces
  6339 | D:6      | Found a hide-covered altar of Uskayaw.
  6433 | D:7      | Noticed a hippogriff
  6447 | D:7      | Killed a hippogriff
  6447 | D:7      | Reached skill level 7 in Invocations
  6468 | D:7      | Reached skill level 12 in Axes
  6721 | D:7      | Reached XP level 9. HP: 29/73 MP: 14/14
  6980 | D:7      | Got a crude rapier
  6985 | D:7      | Found a sacrificial altar of Ru.
  7020 | D:7      | Found a radiant altar of Vehumet.
  7031 | D:7      | Found a shadowy altar of Dithmenos.
  7089 | D:7      | Reached skill level 8 in Invocations
  7322 | D:7      | Reached skill level 13 in Axes
  7432 | D:7      | HP: 18/73 [orc priest/divine providence (11)]
  8272 | D:8      | Reached **** piety under Makhleb
  8306 | D:8      | Reached skill level 9 in Invocations
  8416 | D:8      | Found a basalt altar of Yredelemnul.
  8422 | D:8      | Reached skill level 14 in Axes
  8502 | D:8      | Noticed a two-headed ogre
  8507 | D:8      | Killed a two-headed ogre
  8507 | D:8      | Reached XP level 10. HP: 73/80 MP: 15/17
  8513 | D:8      | Reached skill level 10 in Invocations
  8960 | D:8      | Reached skill level 5 in Fighting
  8960 | D:8      | Reached skill level 1 in Armour
  8973 | D:8      | Reached skill level 2 in Armour
  9099 | D:9      | Found a shimmering altar of Xom.
  9174 | D:9      | Found a staircase to the Orcish Mines.
  9651 | D:10     | Entered Level 10 of the Dungeon
  9674 | D:9      | Reached skill level 6 in Fighting
  9676 | D:9      | Reached skill level 3 in Armour
  9917 | D:10     | HP: 13/83 [orc warrior/dire flail (14)]
 10264 | D:5      | Bought the +1 helmet of the Furies {*Contam Dex+3 Slay+5} for 458 gold pieces
 10466 | D:10     | Reached skill level 2 in Shields
 10466 | D:10     | Reached skill level 11 in Invocations
 10485 | D:10     | Noticed a two-headed ogre
 10487 | D:10     | Reached ***** piety under Makhleb
 10490 | D:10     | Reached skill level 3 in Shields
 10502 | D:10     | HP: 21/84 [two-headed ogre/enchanted dire flail (10)]
 10504 | D:10     | Killed a two-headed ogre
 10504 | D:10     | Reached skill level 4 in Shields
 10504 | D:10     | Reached XP level 11. HP: 38/91 MP: 19/19
 10838 | D:10     | Found a sparkling altar of Nemelex Xobeh.
 10877 | D:10     | Found a glowing silver altar of Zin.
 11034 | D:10     | Reached skill level 4 in Armour
 11163 | D:11     | Noticed a wizard
 11169 | D:11     | Killed a wizard
 11169 | D:11     | Reached skill level 7 in Fighting
 11172 | D:11     | Reached skill level 12 in Invocations
 11287 | D:11     | Noticed a cyan ugly thing
 11295 | D:11     | Killed a cyan ugly thing
 11302 | D:11     | Reached skill level 5 in Armour
 11654 | D:11     | Found a staircase to the Lair.
 11737 | D:11     | Reached skill level 8 in Fighting
 11772 | D:11     | Reached skill level 6 in Armour
 11783 | D:11     | Learned a level 2 spell: Blink
 11968 | D:11     | Found Bewed's Weapon Shoppe.
 12208 | Lair:1   | Entered Level 1 of the Lair of Beasts
 12275 | Lair:1   | Learned a level 3 spell: Regeneration
 12568 | Lair:1   | Got a brightly glowing morningstar
 12617 | Lair:1   | Reached skill level 13 in Invocations
 13073 | Lair:2   | Reached skill level 9 in Fighting
 13114 | Lair:2   | Reached ****** piety under Makhleb
 13419 | Lair:2   | Reached skill level 7 in Armour
 13421 | Lair:2   | Reached XP level 12. HP: 104/104 MP: 21/21
 13833 | Lair:3   | Found a dark tunnel.
 13847 | Volcano  | Entered a volcano
 13863 | Volcano  | Noticed an ogre mage
 13871 | Volcano  | Noticed a two-headed ogre
 13871 | Volcano  | Noticed a two-headed ogre
 13872 | Volcano  | Killed an ogre mage
 13874 | Volcano  | Noticed a two-headed ogre
 13878 | Volcano  | Killed a two-headed ogre
 13879 | Volcano  | Killed a two-headed ogre
 13881 | Volcano  | Noticed a red draconian
 13882 | Volcano  | Found a bloodstained altar of Trog.
 13882 | Volcano  | Noticed a two-headed ogre
 13884 | Volcano  | Noticed a two-headed ogre
 13884 | Volcano  | Noticed a two-headed ogre
 13886 | Volcano  | Killed a two-headed ogre
 13886 | Volcano  | Reached skill level 10 in Fighting
 13886 | Volcano  | Reached skill level 8 in Armour
 13904 | Volcano  | Killed a two-headed ogre
 13913 | Volcano  | Killed a red draconian
 13913 | Volcano  | Reached skill level 14 in Invocations
 13914 | Volcano  | Killed a two-headed ogre
 13915 | Volcano  | Killed a two-headed ogre
 14131 | Lair:3   | Got a coiled iron ring
 14140 | Lair:3   | Reached skill level 15 in Axes
 14174 | Lair:3   | Identified the ring "Vuafob" {rElec rF+ rN+ Int+4} (You found it on level 3 of the Lair of Beasts)
 14213 | Lair:3   | Noticed a six-headed hydra
 14225 | Lair:3   | Killed a one-headed hydra
 14876 | Lair:3   | Found a staircase to the Swamp.
 15148 | Lair:4   | Identified a scroll of acquirement
 15149 | Lair:4   | Got a transparent golden amulet
 15154 | Lair:4   | Identified the amulet of Incredulity {Reflect Str+5 SH+2} (You acquired it on level 4 of the Lair of Beasts)
 15284 | Lair:4   | Reached skill level 15 in Invocations
 15322 | Lair:4   | Reached XP level 13. HP: 114/114 MP: 24/24
 15347 | Lair:4   | Reached skill level 16 in Axes
 15533 | Lair:4   | You fall through a shaft for 2 floors!
 15533 | Lair:6   | Entered Level 6 of the Lair of Beasts
 15533 | Lair:6   | Noticed an ice dragon
 15535 | Lair:6   | Found a runed door.
 15544 | Lair:6   | Killed an ice dragon
 15686 | Lair:6   | Reached skill level 16 in Invocations
 15888 | Lair:4   | Noticed Urug
 15901 | Lair:4   | Killed Urug
 15927 | Lair:4   | Found a staircase to the Snake Pit.
 16215 | Lair:4   | Reached skill level 17 in Axes
 16446 | Lair:5   | Found a staircase to the Slime Pits.
 17397 | Lair:6   | Reached skill level 17 in Invocations
 17618 | Lair:6   | Reached XP level 14. HP: 110/122 MP: 26/26
 17942 | Lair:6   | Reached skill level 18 in Axes
 17953 | Lair:6   | Paralysed by a hornet for 1 turns
 18007 | Lair:6   | Reached skill level 9 in Armour
 18072 | Lair:6   | Reached skill level 11 in Fighting
 18300 | D:12     | Found a white marble altar of Elyvilon.
 18548 | D:12     | Reached skill level 18 in Invocations
 18637 | D:12     | Found a deep blue altar of Sif Muna.
 18766 | D:12     | Got a faintly glowing ring mail
 18818 | D:12     | Found a portal to a secret trove of treasure.
 19146 | D:13     | Reached skill level 1 in Translocations
 19170 | D:13     | Reached skill level 2 in Translocations
 19255 | D:13     | Reached skill level 3 in Translocations
 19453 | D:13     | Noticed Erolcha
 19461 | D:13     | Reached skill level 4 in Translocations
 19464 | D:13     | Killed Erolcha
 19523 | D:13     | Identified the +4 ring mail of the Farrier {+Fly rC+++ Regen+ Int-3} (You found it on level 12 of the Dungeon)
 19539 | D:13     | Found a gate to the Vaults.
 19575 | D:13     | Reached skill level 5 in Translocations
 20271 | D:14     | Reached skill level 6 in Translocations
 20299 | D:14     | Reached XP level 15. HP: 131/131 MP: 28/28
 20688 | D:15     | Entered Level 15 of the Dungeon
 20787 | D:15     | Reached skill level 7 in Translocations
 20903 | D:15     | Reached skill level 8 in Translocations
 20917 | D:15     | Found a staircase to the Depths.
 21164 | D:15     | HP: 20/131 [??? (17)]
 21389 | D:15     | Learned a level 1 spell: Summon Butterflies
 22049 | Orc:1    | Entered Level 1 of the Orcish Mines
 22061 | Orc:1    | Reached skill level 3 in Dodging
 22120 | Orc:1    | Reached skill level 12 in Fighting
 22503 | Orc:2    | Entered Level 2 of the Orcish Mines
 22544 | Orc:2    | Found Jogad's Book Shop.
 22615 | Orc:2    | Found Plog's Antique Armour Emporium.
 22699 | Orc:2    | Noticed Maurice
 22704 | Orc:2    | Killed Maurice
 22815 | Orc:2    | Noticed an orc warlord
 22816 | Orc:2    | Found Votuink's Antique Weapon Shop.
 22827 | Orc:2    | HP: 24/131 [smoke demon/divine providence[an orc high priest] (14)]
 22839 | Orc:2    | Killed an orc warlord
 22859 | Orc:2    | Reached skill level 4 in Dodging
 22951 | Orc:2    | Found Byclo's General Store.
 23123 | Orc:2    | Found a staircase to the Elven Halls.
 23294 | Orc:1    | Paralysed by an orc sorcerer for 4 turns
 23492 | Orc:2    | Bought a pair of slimy boots for 389 gold pieces
 23502 | Orc:2    | Identified the +1 pair of boots of Decompression {rPois rN+} (You bought it in a shop on level 2 of the Orcish Mines)
 23720 | Swamp:1  | Entered Level 1 of the Swamp
 23883 | Swamp:1  | Noticed a thorn hunter
 23896 | Swamp:1  | Killed a thorn hunter
 24094 | Swamp:1  | Got a crude robe
 24123 | Swamp:1  | Noticed Donald
 24130 | Swamp:1  | Killed Donald
 24130 | Swamp:1  | Reached skill level 19 in Invocations
 24130 | Swamp:1  | Reached XP level 16. HP: 103/141 MP: 15/29
 24187 | Swamp:1  | Reached skill level 5 in Dodging
 24196 | Swamp:1  | Reached skill level 13 in Fighting
 25288 | Swamp:3  | Noticed Jorgrun
 25308 | Swamp:3  | Killed Jorgrun
 25349 | Swamp:3  | Noticed Roxanne
 25360 | Swamp:3  | Reached skill level 6 in Dodging
 25528 | Swamp:3  | Noticed Louise
 25534 | Swamp:3  | Killed Louise
 26011 | Swamp:4  | Entered Level 4 of the Swamp
 26017 | Swamp:4  | Reached skill level 14 in Fighting
 26428 | Swamp:4  | Noticed the 27-headed Lernaean hydra
 26436 | Swamp:4  | Killed the 24-headed Lernaean hydra
 26436 | Swamp:4  | Reached skill level 7 in Dodging
 26436 | Swamp:4  | Reached skill level 20 in Invocations
 26544 | Swamp:4  | Got a decaying rune of Zot
 26849 | Snake:1  | Entered Level 1 of the Snake Pit
 27099 | Snake:1  | Reached XP level 17. HP: 154/154 MP: 31/31
 27343 | Snake:1  | Reached skill level 15 in Fighting
 27414 | Snake:1  | Reached skill level 8 in Dodging
 27687 | Snake:1  | You fall through a shaft!
 28322 | Snake:2  | Noticed Vashnia
 28355 | Snake:2  | HP: 33/156 [Vashnia/arrow (13)]
 28358 | Snake:2  | Shot with an arrow by Vashnia

Vault maps used:
D:1:      grunt_arrival_lava_bath, minmay_tiny_reverse_x
D:2:      zin_treasury, lemuel_doored_altar, fedhas_altar_fruit_tree,
          uniq_terence, uniq_sigmund, uniq_crazy_yiuf_cottage
D:3:      nicolae_qazlal_style_of_elements, first_ration
D:4:      kennysheep_vampire_church, minmay_temple_entry_trees, hex_tiny
D:5:      lemuel_coloured_pillars_altar, kennysheep_mini_moat, serial_shops,
          shop, basic_altar, lemuel_tele_altar
D:6:      kennysheep_spiral_hall, marbit_many_paths,
          nicolae_overflow_hidden_temple, serial_shops, nicolae_shop_crystal,
          shop, nicolae_ossuary_entry_plus, evilmike_ruin_ashenzari
D:7:      lemuel_crystal_altar, minitemple
D:8:      yredelemnul_altar_generic, st_stairs_1, grunt_livestock
D:9:      orc_0_dummy, xom_teletrap_fun
D:10:     basic_altar, nemelex_xobeh_ov_fountains_minmay
D:11:     lair_entry_dummy, serial_shops, nicolae_shop_waterfront
D:12:     basic_altar, nicolae_trove_entry_path_of_doom, lemuel_oklob_altar
D:13:     erik_vaults_1, basic_loot_grate_trap, uniq_erolcha
D:14:     nicolae_sextant
D:15:     hangedman_depths_entry_try_elsewhere_first
Temple:   chequers_temple_sunken
Lair:1:   lemuel_fruit_tree
Lair:2:   minmay_lair_oklob_chamber
Lair:3:   nicolae_swamp_entry_splash_gauntlet, nicolae_volcano_entry_lava_flow,
          serial_bayou_shore_b, serial_bayou_shore_b
Lair:4:   minmay_snake_entry_six_corridors, lookout_lair_type, uniq_urug
Lair:5:   nicolae_slime_entry_slimehenge
Lair:6:   wormcave
Swamp:1:  cheibrodos_swamp_tower_of_moss, evilmike_swamp_ruin_house_1,
          uniq_donald
Swamp:2:  evilmike_swamp_ruin_house_4, infiniplex_staircase_pool_2
Swamp:3:  evilmike_swamp_ruin_house_2, swamp_pool1, uniq_louise, uniq_roxanne,
          uniq_jorgrun
Swamp:4:  swamp_old_school, swamp_pool5
Snake:2:  uniq_vashnia
Orc:2:    grunt_orc_gardens, grunt_orc_garden, grunt_orc_garden,
          grunt_orc_garden, grunt_orc_garden, uniq_maurice
Ossuary:  ossuary_minmay_tomb_2a
Volcano:  kennysheep_volcano_temple

Skill      XL: |  1  2  3  4  5  6  7  8  9 10 11 12 13 14 15 16 17 |
---------------+----------------------------------------------------+-----
Fighting       | 4 6 9 10 11 12 14 15 | 15.6
Axes           | 5 6 7 8 10 12 14 15 17 18 | 18.0
Invocations    | 2 3 5 7 9 11 13 15 17 18 19 20 | 20.0
Armour         | 3 7 8 9 |  9.9
Shields        | 4 |  4.8
Translocations | 6 8 |  8.8
Dodging        | 4 7 8 |  8.6
Stealth        | |  1.5

Action                   |  1- 3 |  4- 6 |  7- 9 | 10-12 | 13-15 | 16-18 || total
-------------------------+-------+-------+-------+-------+-------+-------++-------
Melee: Hand axe          |    95 |   185 |   438 |   481 |       |       ||  1199
       Broad axe         |       |       |       |    67 |   956 |   540 ||  1563
Throw: Javelin           |       |     4 |    71 |    11 |       |       ||    86
 Cast: Blink             |       |       |       |       |       |     1 ||     1
Invok: Minor Destruction |       |     1 |     1 |     1 |       |       ||     3
       Major Destruction |       |       |     3 |     9 |     4 |     4 ||    20
       Lesser Servant of |       |       |       |     2 |       |       ||     2
       Greater Servant o |       |       |       |       |     2 |     4 ||     6
  Use: Scroll            |       |     2 |    15 |    14 |     6 |     3 ||    40
       Potion            |       |       |     5 |     3 |     4 |     2 ||    14
 Stab: Sleeping          |     1 |       |       |       |       |       ||     1
       Distracted        |       |       |       |       |       |     1 ||     1
  Eat: Chunk             |     1 |     4 |     3 |    27 |    19 |     8 ||    62
       Ration            |       |     2 |     3 |     3 |     1 |     2 ||    11
Armor: Ring mail         |    37 |    95 |   229 |   177 |   316 |   163 ||  1017
       Scale mail        |       |    33 |       |       |       |       ||    33
Dodge: Dodged            |    79 |   117 |   203 |   214 |   365 |   280 ||  1258
Block: Buckler           |       |       |       |    92 |   355 |   232 ||   679
       Reflection        |       |       |       |       |    23 |     8 ||    31

Table legend:
 A = Spawn XP
 B = Non-spawn XP
 C = Spawn XP percentage of total XP
 D = Spawn monster count
 E = Non-spawn monster count
 F = Spawn count percentage of total count
 G = Total turns spent on level
                    A         B        C        D         E        F      G
               +---------+---------+-------+---------+---------+-------+---------
         Total |       0 |  200086 |   0.0 |       0 |     799 |   0.0 | 28358
               +---------+---------+-------+---------+---------+-------+---------
           D:1 |       0 |      32 |   0.0 |       0 |      17 |   0.0 |   771
           D:2 |       0 |       9 |   0.0 |       0 |       6 |   0.0 |   290
           D:3 |       0 |      76 |   0.0 |       0 |      19 |   0.0 |  1180
           D:4 |       0 |     217 |   0.0 |       0 |      17 |   0.0 |   633
           D:5 |       0 |     285 |   0.0 |       0 |      10 |   0.0 |  1239
           D:6 |       0 |    1003 |   0.0 |       0 |      24 |   0.0 |  1423
           D:7 |       0 |    1577 |   0.0 |       0 |      31 |   0.0 |  1539
           D:8 |       0 |    2863 |   0.0 |       0 |      23 |   0.0 |   988
           D:9 |       0 |     606 |   0.0 |       0 |      18 |   0.0 |   886
          D:10 |       0 |    3188 |   0.0 |       0 |      37 |   0.0 |  1000
          D:11 |       0 |    5260 |   0.0 |       0 |      56 |   0.0 |  1199
          D:12 |       0 |    9290 |   0.0 |       0 |      54 |   0.0 |   804
          D:13 |       0 |   13128 |   0.0 |       0 |      37 |   0.0 |   897
          D:14 |       0 |    4336 |   0.0 |       0 |      16 |   0.0 |   733
          D:15 |       0 |   20463 |   0.0 |       0 |      51 |   0.0 |  1279
        Lair:1 |       0 |    1987 |   0.0 |       0 |      12 |   0.0 |   891
        Lair:2 |       0 |    2240 |   0.0 |       0 |      16 |   0.0 |   765
        Lair:3 |       0 |    4320 |   0.0 |       0 |      17 |   0.0 |  1189
        Lair:4 |       0 |    8521 |   0.0 |       0 |      30 |   0.0 |  1000
        Lair:5 |       0 |    4176 |   0.0 |       0 |      19 |   0.0 |   855
        Lair:6 |       0 |   18128 |   0.0 |       0 |      55 |   0.0 |  1275
       Swamp:1 |       0 |   11528 |   0.0 |       0 |      30 |   0.0 |   946
       Swamp:2 |       0 |    7352 |   0.0 |       0 |      22 |   0.0 |   641
       Swamp:3 |       0 |   19141 |   0.0 |       0 |      36 |   0.0 |   772
       Swamp:4 |       0 |   19897 |   0.0 |       0 |      39 |   0.0 |   714
       Snake:1 |       0 |   15549 |   0.0 |       0 |      27 |   0.0 |  1242
       Snake:2 |       0 |    5074 |   0.0 |       0 |       8 |   0.0 |   267
         Orc:1 |       0 |    2449 |   0.0 |       0 |      15 |   0.0 |   641
         Orc:2 |       0 |   10410 |   0.0 |       0 |      33 |   0.0 |   869
       Ossuary |       0 |     359 |   0.0 |       0 |      16 |   0.0 |   375
       Volcano |       0 |    6622 |   0.0 |       0 |       8 |   0.0 |   221
               +---------+---------+-------+---------+---------+-------+---------

Vault maps used:
D:1:      grunt_arrival_lava_bath, minmay_tiny_reverse_x
D:2:      zin_treasury, lemuel_doored_altar, fedhas_altar_fruit_tree,
          uniq_terence, uniq_sigmund, uniq_crazy_yiuf_cottage
D:3:      nicolae_qazlal_style_of_elements, first_ration
D:4:      kennysheep_vampire_church, minmay_temple_entry_trees, hex_tiny
D:5:      lemuel_coloured_pillars_altar, kennysheep_mini_moat, serial_shops,
          shop, basic_altar, lemuel_tele_altar
D:6:      kennysheep_spiral_hall, marbit_many_paths,
          nicolae_overflow_hidden_temple, serial_shops, nicolae_shop_crystal,
          shop, nicolae_ossuary_entry_plus, evilmike_ruin_ashenzari
D:7:      lemuel_crystal_altar, minitemple
D:8:      yredelemnul_altar_generic, st_stairs_1, grunt_livestock
D:9:      orc_0_dummy, xom_teletrap_fun
D:10:     basic_altar, nemelex_xobeh_ov_fountains_minmay
D:11:     lair_entry_dummy, serial_shops, nicolae_shop_waterfront
D:12:     basic_altar, nicolae_trove_entry_path_of_doom, lemuel_oklob_altar
D:13:     erik_vaults_1, basic_loot_grate_trap, uniq_erolcha
D:14:     nicolae_sextant
D:15:     hangedman_depths_entry_try_elsewhere_first
Temple:   chequers_temple_sunken
Lair:1:   lemuel_fruit_tree
Lair:2:   minmay_lair_oklob_chamber
Lair:3:   nicolae_swamp_entry_splash_gauntlet, nicolae_volcano_entry_lava_flow,
          serial_bayou_shore_b, serial_bayou_shore_b
Lair:4:   minmay_snake_entry_six_corridors, lookout_lair_type, uniq_urug
Lair:5:   nicolae_slime_entry_slimehenge
Lair:6:   wormcave
Swamp:1:  cheibrodos_swamp_tower_of_moss, evilmike_swamp_ruin_house_1,
          uniq_donald
Swamp:2:  evilmike_swamp_ruin_house_4, infiniplex_staircase_pool_2
Swamp:3:  evilmike_swamp_ruin_house_2, swamp_pool1, uniq_louise, uniq_roxanne,
          uniq_jorgrun
Swamp:4:  swamp_old_school, swamp_pool5
Snake:2:  uniq_vashnia
Orc:2:    grunt_orc_gardens, grunt_orc_garden, grunt_orc_garden,
          grunt_orc_garden, grunt_orc_garden, uniq_maurice
Ossuary:  ossuary_minmay_tomb_2a
Volcano:  kennysheep_volcano_temple

Table legend:
 A = Turns spent in this place as a percentage of turns spent in the entire game.
 B = Non-inter-level travel turns spent in this place as a percentage of non-inter-level travel turns spent in the entire game.
 C = Inter-level travel turns spent in this place as a percentage of turns spent in this place.
 D = Turns resting spent in this place as a percentage of non-inter-level travel turns spent in this place.
 E = Turns spent auto-exploring this place as a percentage of non-inter-level travel turns spent in this place.
 F = Non-inter-level travel turns spent in this place divided by the number of levels of this place that you've seen.
                   A       B       C       D       E      F
               +-------+-------+-------+-------+-------+----------------------
         Total | 100.0 | 100.0 |   6.8 |  16.3 |  62.4 | 825.7
       Dungeon |  52.4 |  51.9 |   7.7 |  17.3 |  60.5 | 914.2
        Temple |   2.9 |   3.1 |   3.1 |  96.0 |   0.0 | 808.0
          Lair |  21.1 |  21.2 |   6.1 |   5.2 |  78.5 | 935.3
         Swamp |  10.8 |  11.0 |   5.3 |  10.0 |  64.2 | 727.2
     Snake Pit |   5.3 |   5.6 |   1.9 |  17.8 |  62.2 | 740.0
  Orcish Mines |   5.3 |   4.9 |  13.6 |   6.4 |  66.8 | 652.0
       Ossuary |   1.3 |   1.4 |   0.0 |  40.0 |  29.6 | 375.0
       Volcano |   0.8 |   0.8 |   0.0 |  34.8 |   6.8 | 221.0
               +-------+-------+-------+-------+-------+----------------------

Table legend:
 A = Kills in this place as a percentage of kills in entire the game.
 B = Kills by you in this place as a percentage of kills by you in the entire game.
 C = Kills by friends in this place as a percentage of kills by friends in the entire game.
 D = Other kills in this place as a percentage of other kills in the entire game.
 E = Experience gained in this place as a percentage of experience gained in the entire game.
 F = Experience gained in this place divided by the number of levels of this place that you have seen.
                   A       B       C       D       E      F
               +-------+-------+-------+-------+-------+----------------------
         Total | 100.0 | 100.0 | 100.0 | 100.0 | 100.0 | 6252.7
       Dungeon |  52.1 |  52.9 |   0.0 |  60.0 |  31.2 | 4155.5
          Lair |  18.6 |  19.1 |   0.0 |   0.0 |  19.7 | 6562.0
         Swamp |  15.9 |  14.7 |  76.9 |  40.0 |  28.9 | 14479.5
     Snake Pit |   4.4 |   4.5 |   0.0 |   0.0 |  10.3 | 10311.5
  Orcish Mines |   6.0 |   5.9 |  15.4 |   0.0 |   6.4 | 6429.5
       Ossuary |   2.0 |   2.0 |   0.0 |   0.0 |   0.2 | 359.0
       Volcano |   1.0 |   0.9 |   7.7 |   0.0 |   3.3 | 6622.0
               +-------+-------+-------+-------+-------+----------------------
